General information
- name: BNet
- type: Ladder team game (AT/RT)
- host: Battle.net
- saver: Liko
map: TwilightRuins
- players: 8
- length: 35:36
- speed: Fast
- version: 1.26 W3XP
- replay type: Public
» download(306 KB)
Players
team 1 (winner)
Liko (
purple | 81 APM | 2902 actions | 35:36)
5 Death Knight
2 Death Coil
3 Unholy Aura
4 Dark Ranger
2 Silence
2 Black Arrow
4 Pit Lord
2 Howl of Terror
2 Cleaving Attack
» actions
| Assign group hotkey | 72 | |
| Basic commands | 215 | |
| Build / train | 95 | |
| ESC pressed | 6 | |
| Enter build submenu | 38 | |
| Enter hero's abilities submenu | 15 | |
| Give item / drop item | 3 | |
| Right click | 876 | |
| Select / deselect | 611 | |
| Select group hotkey | 840 | |
| Use ability | 131 | |
2902 total
» units
| Acolyte | 23 | |
| Ghoul | 11 | |
| Crypt Fiend | 12 | |
| Abomination | 4 | |
50 total
» upgrades
| Web | 1 | |
| Burrow | 1 | |
| Disease Cloud | 1 | |
3 total
» buildings
| Graveyard | 1 | |
| Crypt | 1 | |
| Altar of Darkness | 2 | |
| Ziggurat | 12 | |
| Tomb of Relics | 2 | |
| Halls of the Dead | 2 | |
| Necropolis | 2 | |
| Nerubian Tower | 8 | |
| Black Citadel | 1 | |
| Slaughterhouse | 3 | |
34 total
» build order
00:17 Graveyard
00:28 Crypt
00:51 Altar of Darkness
01:11 Ziggurat
01:54 Tomb of Relics
02:10 Ziggurat
03:44 Halls of the Dead
03:45 Halls of the Dead
04:26 Necropolis
04:49 Nerubian Tower
08:00 Ziggurat
08:17 Ziggurat
09:14 Altar of Darkness
09:35 Nerubian Tower
09:48 Ziggurat
11:17 Nerubian Tower
11:50 Ziggurat
11:54 Ziggurat
12:26 Black Citadel
13:51 Nerubian Tower
14:08 Ziggurat
14:25 Ziggurat
16:10 Tomb of Relics
16:16 Slaughterhouse
17:43 Nerubian Tower
21:31 Ziggurat
21:34 Ziggurat
21:37 Slaughterhouse
23:00 Ziggurat
23:01 Nerubian Tower
24:05 Nerubian Tower
24:20 Slaughterhouse
26:38 Nerubian Tower
33:34 Necropolis
» items
| Rod of Necromancy | 1 | |
| Sacrificial Skull | 3 | |
| Boots of Speed | 1 | |
| Potion of Lesser Invulnerability | 1 | |
| Scroll of Town Portal | 1 | |
| Scroll of Healing | 1 | |
| Orb of Corruption | 4 | |
12 total
PoonutButter (
yellow | 65 APM | 2296 actions | 35:34)
6 Death Knight
3 Death Coil
2 Unholy Aura
1 Animate Dead
6 Crypt Lord
3 Impale
2 Spiked Carapace
1 Locust Swarm
» actions
| Assign group hotkey | 27 | |
| Basic commands | 151 | |
| Build / train | 65 | |
| Enter build submenu | 13 | |
| Enter hero's abilities submenu | 12 | |
| Give item / drop item | 5 | |
| Right click | 831 | |
| Select / deselect | 328 | |
| Select group hotkey | 754 | |
| Use ability | 110 | |
2296 total
» units
| Acolyte | 2 | |
| Ghoul | 3 | |
| Crypt Fiend | 6 | |
| Obsidian Statue | 2 | |
| Banshee | 1 | |
| Abomination | 5 | |
19 total
» upgrades
| Burrow | 1 | |
| Web | 1 | |
| Destroyer Form | 1 | |
| Banshee Training | 1 | |
| Creature Attack | 2 | |
| Creature Carapace | 1 | |
| Unholy Strength | 1 | |
| Unholy Armor | 1 | |
9 total
» buildings
| Altar of Darkness | 1 | |
| Ziggurat | 7 | |
| Crypt | 1 | |
| Graveyard | 1 | |
| Tomb of Relics | 1 | |
| Nerubian Tower | 1 | |
| Halls of the Dead | 1 | |
| Black Citadel | 1 | |
| Temple of the Damned | 1 | |
| Slaughterhouse | 2 | |
| Spirit Tower | 1 | |
18 total
» build order
00:13 Altar of Darkness
00:17 Ziggurat
00:37 Crypt
00:57 Graveyard
01:11 Tomb of Relics
01:47 Ziggurat
01:58 Nerubian Tower
03:43 Halls of the Dead
04:15 Ziggurat
06:56 Ziggurat
07:20 Black Citadel
07:46 Temple of the Damned
07:49 Slaughterhouse
11:50 Ziggurat
13:34 Ziggurat
13:37 Ziggurat
21:09 Spirit Tower
» items
| Rod of Necromancy | 1 | |
| Potion of Healing | 2 | |
| Potion of Lesser Invulnerability | 4 | |
| Scroll of Healing | 3 | |
| Scroll of Protection | 3 | |
| Orb of Corruption | 2 | |
| Scroll of Town Portal | 2 | |
17 total
XxxzadyXxX (
red | 86 APM | 3070 actions | 35:34)
7 Dark Ranger
3 Black Arrow
3 Silence
1 Charm
» actions
| Assign group hotkey | 51 | |
| Basic commands | 111 | |
| Build / train | 119 | |
| ESC pressed | 14 | |
| Enter build submenu | 31 | |
| Enter hero's abilities submenu | 8 | |
| Give item / drop item | 2 | |
| Right click | 717 | |
| Select / deselect | 630 | |
| Select group hotkey | 1280 | |
| Use ability | 107 | |
3070 total
» units
| Wisp | 48 | |
| Archer | 35 | |
| Glaive Thrower | 1 | |
84 total
» upgrades
| Ultravision | 1 | |
| Strength of the Moon | 4 | |
| Improved Bows | 1 | |
| Moon Armor | 3 | |
| Vorpal Blades | 1 | |
| Marksmanship | 1 | |
| Well Spring | 1 | |
12 total
» buildings
| Altar of Elders | 1 | |
| Moon Well | 12 | |
| Ancient of War | 2 | |
| Hunter's Hall | 1 | |
| Ancient Protector | 4 | |
| Ancient of Wonders | 2 | |
| Tree of Ages | 1 | |
| Tree of Eternity | 1 | |
| Tree of Life | 9 | |
33 total
» build order
00:21 Altar of Elders
00:36 Moon Well
00:44 Ancient of War
01:50 Moon Well
02:44 Hunter's Hall
02:49 Moon Well
03:34 Moon Well
04:04 Ancient Protector
04:19 Ancient Protector
04:42 Ancient of Wonders
05:58 Ancient Protector
05:58 Ancient Protector
06:32 Tree of Ages
07:01 Ancient of Wonders
10:21 Tree of Eternity
11:01 Ancient of War
11:51 Moon Well
18:26 Tree of Life
21:33 Tree of Life
21:45 Tree of Life
22:38 Tree of Life
24:28 Tree of Life
26:04 Tree of Life
26:42 Tree of Life
27:14 Tree of Life
30:06 Moon Well
30:55 Tree of Life
31:43 Moon Well
31:54 Moon Well
35:07 Moon Well
35:08 Moon Well
35:08 Moon Well
35:08 Moon Well
» items
| Gloves of Haste | 1 | |
| Scroll of Town Portal | 3 | |
| Anti-magic Potion | 3 | |
| Potion of Healing | 1 | |
| Potion of Mana | 1 | |
| Boots of Speed | 1 | |
| Staff of Teleportation | 1 | |
| Potion of Lesser Invulnerability | 1 | |
12 total
EXIT-Sign (
teal | 94 APM | 3343 actions | 35:34)
6 Firelord
3 Summon Lava Spawn
2 Soul Burn
1 Volcano
6 Keeper of the Grove
3 Entangling Roots
2 Thorns Aura
1 Tranquility
» actions
| Assign group hotkey | 44 | |
| Build / train | 78 | |
| Enter build submenu | 21 | |
| Enter hero's abilities submenu | 12 | |
| Give item / drop item | 3 | |
| Remove unit from queue | 2 | |
| Right click | 1461 | |
| Select / deselect | 349 | |
| Select group hotkey | 1212 | |
| Use ability | 161 | |
3343 total
» units
| Wisp | 20 | |
| Chimaera | 8 | |
| Hippogryph | 8 | |
36 total
» upgrades
| Reinforced Hides | 2 | |
| Strength of the Wild | 3 | |
| Corrosive Breath | 1 | |
| Well Spring | 1 | |
| Hippogryph Taming | 1 | |
8 total
» buildings
| Altar of Elders | 1 | |
| Moon Well | 8 | |
| Tree of Ages | 1 | |
| Hunter's Hall | 1 | |
| Ancient of Wonders | 1 | |
| Tree of Eternity | 4 | |
| Ancient of Wind | 2 | |
| Tree of Life | 4 | |
| Chimaera Roost | 2 | |
24 total
» build order
01:02 Altar of Elders
01:05 Moon Well
01:18 Tree of Ages
02:30 Moon Well
02:45 Moon Well
02:52 Hunter's Hall
04:09 Ancient of Wonders
05:02 Tree of Eternity
05:02 Tree of Eternity
05:02 Tree of Eternity
05:03 Tree of Eternity
06:37 Moon Well
06:40 Ancient of Wind
07:51 Tree of Life
08:04 Tree of Life
08:35 Chimaera Roost
08:37 Chimaera Roost
12:25 Moon Well
13:33 Moon Well
13:54 Moon Well
14:55 Ancient of Wind
16:33 Tree of Life
21:13 Moon Well
29:55 Tree of Life
» items
| Pendant of Energy | 1 | |
| Ring of Protection +3 | 1 | |
| Scroll of Town Portal | 5 | |
| Rod of Necromancy | 2 | |
| Boots of Speed | 1 | |
10 total
team 2 (loser)

»
Unsure (
green | 83 APM | 2889 actions | 34:47)
3 Mountain King
2 Storm Bolt
1 Bash
2 Paladin
1 Holy Light
1 Divine Shield
» actions
| Assign group hotkey | 56 | |
| Basic commands | 1 | |
| Build / train | 87 | |
| ESC pressed | 9 | |
| Enter build submenu | 31 | |
| Enter hero's abilities submenu | 5 | |
| Give item / drop item | 2 | |
| Right click | 1273 | |
| Select / deselect | 388 | |
| Select group hotkey | 926 | |
| Use ability | 111 | |
2889 total
» units
| Peasant | 13 | |
| Footman | 9 | |
| Dragonhawk Rider | 5 | |
| Gryphon Rider | 7 | |
| Knight | 4 | |
38 total
» upgrades
| Defend | 1 | |
| Masonry | 3 | |
| Lumber Harvesting | 2 | |
| Swords | 3 | |
| Storm Hammers | 1 | |
| Armor | 1 | |
| Animal War Training | 1 | |
| Cloud | 1 | |
13 total
» buildings
| Farm | 11 | |
| Altar of Kings | 1 | |
| Barracks | 2 | |
| Lumber Mill | 2 | |
| Scout Tower | 1 | |
| Arcane Tower | 1 | |
| Arcane Vault | 1 | |
| Keep | 1 | |
| Blacksmith | 1 | |
| Gryphon Aviary | 3 | |
| Castle | 1 | |
| Town Hall | 2 | |
27 total
» build order
00:40 Farm
00:56 Altar of Kings
01:17 Farm
01:21 Barracks
01:53 Farm
02:07 Barracks
02:13 Lumber Mill
02:26 Farm
02:28 Scout Tower
02:51 Farm
03:15 Arcane Tower
03:27 Arcane Vault
04:34 Farm
05:12 Keep
06:43 Blacksmith
07:52 Farm
08:50 Gryphon Aviary
08:53 Gryphon Aviary
10:23 Castle
10:26 Farm
11:29 Farm
12:31 Farm
13:04 Town Hall
13:58 Gryphon Aviary
15:21 Farm
15:36 Lumber Mill
26:33 Town Hall
» items
| Scroll of Regeneration | 5 | |
| Lesser Clarity Potion | 2 | |
| Scroll of Town Portal | 7 | |
| Scroll of Speed | 3 | |
| Potion of Healing | 2 | |
| Healing Salve | 1 | |
| Scroll of Protection | 2 | |
| Potion of Lesser Invulnerability | 2 | |
| Boots of Speed | 1 | |
| Orb of Lightning | 1 | |
26 total
pauperofthesurf (
blue | 72 APM | 2557 actions | 35:34)
5 Death Knight
3 Death Coil
2 Unholy Aura
4 Crypt Lord
2 Impale
2 Spiked Carapace
» actions
| Assign group hotkey | 40 | |
| Basic commands | 33 | |
| Build / train | 52 | |
| Enter build submenu | 16 | |
| Enter hero's abilities submenu | 11 | |
| Give item / drop item | 4 | |
| Right click | 1416 | |
| Select / deselect | 241 | |
| Select group hotkey | 644 | |
| Use ability | 100 | |
2557 total
» units
| Acolyte | 3 | |
| Ghoul | 1 | |
| Crypt Fiend | 16 | |
| Giant Sea Turtle | 1 | |
| Frost Wyrm | 4 | |
25 total
» upgrades
| Creature Attack | 2 | |
| Creature Carapace | 2 | |
| Web | 1 | |
5 total
» buildings
| Crypt | 1 | |
| Ziggurat | 7 | |
| Graveyard | 1 | |
| Altar of Darkness | 1 | |
| Tomb of Relics | 1 | |
| Nerubian Tower | 1 | |
| Halls of the Dead | 2 | |
| Black Citadel | 2 | |
| Sacrificial Pit | 1 | |
| Boneyard | 1 | |
| Necropolis | 1 | |
19 total
» build order
00:09 Crypt
00:11 Ziggurat
00:39 Graveyard
00:58 Altar of Darkness
01:27 Tomb of Relics
01:43 Ziggurat
01:51 Nerubian Tower
03:58 Ziggurat
06:11 Halls of the Dead
11:10 Ziggurat
11:36 Black Citadel
11:36 Black Citadel
11:50 Sacrificial Pit
14:03 Boneyard
14:22 Ziggurat
16:58 Ziggurat
17:00 Ziggurat
18:30 Necropolis
» items
| Rod of Necromancy | 2 | |
| Potion of Mana | 2 | |
| Scroll of Town Portal | 2 | |
6 total

»
PlzNote (
pink | 56 APM | 1946 actions | 34:53)
6 Blademaster
3 Critical Strike
2 Wind Walk
1 Bladestorm
5 Shadow Hunter
3 Hex
2 Healing Wave
» actions
| Assign group hotkey | 12 | |
| Basic commands | 73 | |
| Build / train | 81 | |
| ESC pressed | 4 | |
| Enter build submenu | 37 | |
| Enter hero's abilities submenu | 11 | |
| Give item / drop item | 4 | |
| Remove unit from queue | 2 | |
| Right click | 1185 | |
| Select / deselect | 348 | |
| Select group hotkey | 95 | |
| Use ability | 94 | |
1946 total
» units
| Peon | 10 | |
| Grunt | 3 | |
| Goblin Shredder | 1 | |
| Wind Rider | 15 | |
| Goblin Sapper | 3 | |
| Troll Batrider | 6 | |
38 total
» upgrades
| Armor | 3 | |
| Ranged Weapons | 3 | |
| Reinforced Defenses | 1 | |
| Envenomed Spears | 1 | |
| Spiked Barricades | 1 | |
| Liquid Fire | 1 | |
10 total
» buildings
| Barracks | 1 | |
| Orc Burrow | 11 | |
| Altar of Storms | 2 | |
| Voodoo Lounge | 1 | |
| War Mill | 1 | |
| Great Hall | 5 | |
| Stronghold | 4 | |
| Watch Tower | 13 | |
| Beastiary | 2 | |
| Fortress | 1 | |
41 total
» build order
00:45 Barracks
00:51 Orc Burrow
00:58 Altar of Storms
01:25 Orc Burrow
02:19 Voodoo Lounge
03:14 War Mill
03:55 Great Hall
04:26 Orc Burrow
04:50 Stronghold
04:50 Stronghold
06:29 Orc Burrow
06:39 Watch Tower
06:41 Watch Tower
07:35 Great Hall
08:37 Beastiary
08:39 Beastiary
09:02 Orc Burrow
09:22 Fortress
09:30 Orc Burrow
10:41 Orc Burrow
10:44 Watch Tower
11:05 Watch Tower
11:39 Watch Tower
11:45 Watch Tower
12:53 Watch Tower
13:29 Watch Tower
18:36 Orc Burrow
19:14 Altar of Storms
20:53 Orc Burrow
22:20 Orc Burrow
23:59 Great Hall
25:56 Great Hall
27:25 Watch Tower
27:27 Watch Tower
27:28 Watch Tower
27:34 Watch Tower
28:13 Watch Tower
29:44 Orc Burrow
30:37 Stronghold
30:38 Stronghold
33:40 Great Hall
» items
| Healing Salve | 6 | |
| Orb of Lightning | 3 | |
| Scroll of Town Portal | 4 | |
13 total
Naxxramas (
orange | 70 APM | 2454 actions | 35:01)
4 Death Knight
2 Death Coil
2 Unholy Aura
3 Lich
2 Frost Nova
1 Frost Armor
» actions
| Assign group hotkey | 2 | |
| Basic commands | 127 | |
| Build / train | 116 | |
| ESC pressed | 7 | |
| Enter build submenu | 31 | |
| Enter hero's abilities submenu | 7 | |
| Remove unit from queue | 1 | |
| Right click | 1069 | |
| Select / deselect | 986 | |
| Select group hotkey | 2 | |
| Use ability | 104 | |
2454 total
» units
| Acolyte | 8 | |
| Ghoul | 6 | |
| Crypt Fiend | 35 | |
| Obsidian Statue | 12 | |
61 total
» upgrades
| Creature Attack | 3 | |
| Web | 1 | |
| Creature Carapace | 1 | |
| Destroyer Form | 1 | |
6 total
» buildings
| Ziggurat | 15 | |
| Altar of Darkness | 2 | |
| Crypt | 3 | |
| Graveyard | 2 | |
| Tomb of Relics | 1 | |
| Nerubian Tower | 3 | |
| Halls of the Dead | 7 | |
| Slaughterhouse | 1 | |
| Black Citadel | 3 | |
| Spirit Tower | 18 | |
| Necropolis | 1 | |
56 total
» build order
00:11 Ziggurat
00:15 Altar of Darkness
00:21 Crypt
01:05 Graveyard
01:34 Ziggurat
02:19 Tomb of Relics
02:34 Nerubian Tower
02:34 Nerubian Tower
02:34 Nerubian Tower
03:14 Ziggurat
04:42 Halls of the Dead
04:43 Halls of the Dead
04:43 Halls of the Dead
07:35 Slaughterhouse
08:14 Ziggurat
08:29 Ziggurat
09:45 Black Citadel
09:45 Black Citadel
15:33 Ziggurat
16:19 Ziggurat
16:20 Ziggurat
16:23 Ziggurat
16:24 Ziggurat
17:41 Crypt
18:37 Spirit Tower
18:38 Spirit Tower
18:38 Spirit Tower
18:41 Spirit Tower
18:41 Spirit Tower
18:41 Spirit Tower
18:55 Spirit Tower
18:55 Spirit Tower
21:14 Ziggurat
22:29 Altar of Darkness
22:51 Necropolis
23:06 Ziggurat
23:11 Ziggurat
24:14 Crypt
24:17 Ziggurat
24:42 Graveyard
25:34 Halls of the Dead
25:34 Halls of the Dead
25:34 Halls of the Dead
25:44 Ziggurat
26:17 Spirit Tower
26:20 Spirit Tower
26:20 Spirit Tower
26:20 Spirit Tower
26:21 Spirit Tower
26:21 Spirit Tower
26:21 Spirit Tower
» items
| Rod of Necromancy | 1 | |
| Scroll of Town Portal | 2 | |
| Potion of Mana | 1 | |
4 total
Chat log
(00:17 / All) pauperofthesurf: tk the hacker
(00:26 / All) PoonutButter: hacker?
(00:33 / All) pauperofthesurf: red
(00:46 / Allies) EXIT-Sign: i will tech
(01:14 / Allies) EXIT-Sign: tower up red
(01:20 / Allies) XxxzadyXxX: ??
(01:22 / Allies) XxxzadyXxX: ok
(01:38 / All) pauperofthesurf: ?
(01:51 / Allies) EXIT-Sign: share it red
(02:15 / Allies) PoonutButter: jesus
(02:31 / Allies) PoonutButter: how are u lagging
(02:32 / Allies) EXIT-Sign: thx
(02:36 / Allies) XxxzadyXxX: k
(05:28 / All) PoonutButter: gg lol
(06:40 / Allies) XxxzadyXxX: ty
(07:32 / Allies) PoonutButter: jesus
(07:51 / Allies) Liko: need 2 to tp
(07:57 / Allies) Liko: come
(08:55 / Allies) EXIT-Sign: tp
(08:59 / Allies) Liko: tp or lose
(12:31 / Allies) PoonutButter: lucky we held them off
(12:34 / Allies) PoonutButter: not looking good
(12:35 / Allies) Liko: ya gj
(12:38 / Allies) Liko: naw we fine
(12:40 / Allies) Liko: expo deny
(15:18 / Allies) Liko: wood pls
(15:29 / Allies) Liko: ty
(15:30 / Allies) EXIT-Sign: i need boot
(16:42 / Allies) PoonutButter: careul
(17:09 / Allies) PoonutButter: aim at lich
(17:10 / Allies) PoonutButter: now
(17:20 / All) pauperofthesurf: TP
(18:04 / Allies) XxxzadyXxX: main
(18:20 / Allies) EXIT-Sign: out
(18:33 / Allies) PoonutButter: gj
(18:41 / Allies) EXIT-Sign: omg
(18:41 / Allies) EXIT-Sign: noob
(21:42 / Allies) EXIT-Sign: next
(21:43 / Allies) XxxzadyXxX: k
(22:27 / All) PoonutButter: gg
(22:30 / All) pauperofthesurf: U FUCK
(22:44 / All) PoonutButter: gj pink
(23:02 / Allies) EXIT-Sign: wait
(23:10 / Allies) PoonutButter: who has tp
(23:43 / Allies) PoonutButter: who has tp
(23:47 / Allies) EXIT-Sign: no need
(23:56 / Allies) EXIT-Sign: where is everyone
(24:14 / Allies) PoonutButter: lstar
(24:16 / Allies) PoonutButter: altar
(24:33 / Allies) PoonutButter: run
(24:34 / Allies) PoonutButter: plz
(24:45 / Allies) Liko: #kitemaster
(24:47 / Allies) EXIT-Sign: noob opurple
(25:30 / Allies) PoonutButter: fight
(26:24 / Allies) PoonutButter: we have to tp eventually
(26:41 / All) PoonutButter: altar
(26:42 / Allies) PoonutButter: altar
(26:43 / Allies) PoonutButter: alatar
(26:54 / Allies) PoonutButter: nm he canclee
(27:08 / Allies) Liko: they can't beat our army
(27:13 / Allies) PoonutButter: i now
(27:20 / Allies) Liko: buying tp
(27:22 / Allies) PoonutButter: dont know y we stalling
(28:08 / Allies) PoonutButter: red
(28:12 / Allies) PoonutButter: how the fuck do u only have archers
(28:57 / Allies) PoonutButter: here we go
(28:59 / Allies) PoonutButter: last fight
(29:46 / All) Unsure: Pinks one of those players you cant win with
(29:54 / All) PoonutButter: lookds like it
(30:08 / Allies) PoonutButter: just tp when they hit expo
(30:09 / Allies) EXIT-Sign: faggot
(30:14 / Allies) EXIT-Sign: stop it
(31:49 / Allies) EXIT-Sign: \wait us
(31:55 / Allies) PoonutButter: purp back
(31:58 / Allies) PoonutButter: u have no anti ari
(32:26 / Allies) PoonutButter: got 2v2
(32:42 / Allies) PoonutButter: who has gold
(32:46 / Allies) PoonutButter: spend on reveal
(32:59 / Allies) PoonutButter: spend on reveal
(33:01 / Allies) PoonutButter: if u have gold
(33:31 / Allies) PoonutButter: meet
(33:42 / Allies) XxxzadyXxX: meet
(33:55 / Allies) XxxzadyXxX: meet
(34:00 / All) Unsure: gg?
(35:33 / All) pauperofthesurf: hacker noobs up, ya11 are trash